 Dungeon Crawl Stone Soup version 0.18.1-47-g9310371 (webtiles) character file.

126 vale the Poker (level 4, -1/35 HPs)
             Began as a Minotaur Wizard on June 19, 2016.
             Slain by an orc warrior
             ... wielding a +0 glaive
              (21 damage)
             ... on level 3 of the Dungeon.
             The game lasted 00:10:41 (3818 turns).

vale the Poker (Minotaur Wizard)                    Turns: 3818, Time: 00:10:41

Health: -1/35      AC:  8    Str: 11    XL:     4   Next: 83%
Magic:  0/6        EV:  5    Int: 15    God:
Gold:   149        SH:  0    Dex: 10    Spells: 3 memorised, 2 levels left

rFire  . . .     SeeInvis +     a - +2 spear (venom)
rCold  . . .     Gourm    .     F - +0 ring mail {MR+}
rNeg   . . .     Faith    .     (no shield)
rPois  .         Spirit   +     e - +0 hat
rElec  .         Dismiss  .     h - +0 cloak
rCorr  .         Reflect  .     (no gloves)
SustAt .         Harm     .     n - +1 pair of boots
MR     +....                    t - amulet of guardian spirit
Stlth  +.........               (no ring)
                                z - ring of see invisible

@: somewhat resistant to hostile enchantments, very unstealthy
A: retaliatory headbutt, horns 2
a: no special abilities


You were on level 3 of the Dungeon.
You were hungry.

You visited 1 branch of the dungeon, and saw 3 of its levels.

You collected 149 gold pieces.

Inventory:

Hand Weapons
 a - a +2 spear of venom (weapon)
 b - a +0 hunting sling
 i - a +0 short sword
Missiles
 l - 74 stones (quivered)
Armour
 e - a +0 hat (worn)
 h - a +0 cloak (worn)
 n - a +1 pair of boots (worn)
 F - a +0 ring mail of magic resistance (worn)
Jewellery
 t - an amulet of guardian spirit (around neck)
 z - a ring of see invisible (left hand)
Scrolls
 g - a scroll of identify
 j - a scroll of enchant weapon {unknown}
 m - a scroll of enchant armour
 o - a scroll of blinking {unknown}
 q - a scroll of teleportation {unknown}
 r - 2 scrolls of fog {unknown}
 u - 2 scrolls of remove curse
 y - a scroll of amnesia {unknown}
 A - a scroll of magic mapping {unknown}
 D - a scroll of random uselessness {unknown}
Potions
 p - 2 potions of flight
 v - a potion of heal wounds {unknown}
 w - a potion of might {unknown}
 x - a potion of brilliance {unknown}
 B - a potion of lignification {unknown}
Books
 c - a book of Minor Magic

   Spells                             Type                      Level
   a - Magic Dart                     Conjuration                  1
   b - Blink                          Translocation                2
   c - Call Imp                       Summoning                    2
   d - Repel Missiles                 Charms/Air                   2
   e - Slow                           Hexes                        2
   f - Conjure Flame                  Conjuration/Fire             3
   g - Mephitic Cloud                 Conjuration/Poison/Air       3
Comestibles
 d - 2 bread rations {@e1}
 f - a chunk of flesh {@w0}
 k - a beef jerky
 s - a royal jelly
 E - a meat ration {@e2}


   Skills:
 - Level 1.4 Fighting
 + Level 4.7 Polearms
 - Level 2.1 Dodging
 - Level 1.8 Stealth
 - Level 2.2 Spellcasting
 - Level 1.1 Conjurations
 - Level 0.6 Summonings
 - Level 0.6 Translocations


You had 2 spell levels left.
You knew the following spells:

 Your Spells              Type           Power        Failure   Level  Hunger
a - Magic Dart            Conj           #...         34%         1    #......
e - Call Imp              Summ           #.......     69%         2    ###....
p - Blink                 Tloc           N/A          69%         2    ###....


Dungeon Overview and Level Annotations

Branches:
Dungeon (3/15)

Altars:
Elyvilon
Pakellas
Xom
Yredelemnul

Annotations:
D:3 babuloseo's ghost, amateur OpAs


Innate Abilities, Weirdness & Mutations

You reflexively headbutt those who attack you in melee.
You have a pair of horns on your head.


Message History

Unknown command.
You see here a club.
The orc wizard casts a spell at you. The magic dart hits you!
You take 2 damage, and have 27/35 hp.
The orc wizard miscasts a cantrip.
There is a stone staircase leading up here.
Attack whom?
Aim: an orc warrior, wielding a glaive and wearing a plate armour You reach to attack!
You closely miss the orc warrior.
The orc warrior hits you from afar with a glaive!
You take 10 damage, and have 20/35 hp.
MASSIVE DAMAGE!!
You now have 4/6 mp.
Attack whom?
Aim: an orc warrior, wielding a glaive and wearing a plate armour You reach to attack!
Your ring mail prevents you from hitting the orc warrior.
The orc wizard casts a cantrip, but nothing happens.
The orc warrior hits you from afar with a glaive!!
Ouch! That really hurt!
You die...

.##.## #
#o#.....).....# #.#
....# #.##..#..#.####
#.# ....##
#.##.>.....# #.#
.....# #o##########
#.# .....#
#.#.###.....# #.#
.....# #.....#.###.#
#.# ####.#
###.#.#...#.#######.#
.....#
...#.###.#.........#
.#####
#####.oo.@....#######
.# #########.# .# #.#
.# #############.# .#
#.............# .#
#.############# ##
#.# #.....#
#.###.###.# #.....#
#.#


You could see an orc warrior and an orc wizard (invisible).

Vanquished Creatures
  A hound (D:1)
  An adder (D:3)
  An ooze (D:1)
  A worm (D:3)
  A dart slug (D:3)
  A giant gecko (D:1)
  6 orcs
  2 ball pythons
  A giant cockroach (D:1)
  8 goblins
  4 hobgoblins
  9 jackals
  A sheep (D:2)
  7 bats
  3 giant newts
  6 kobolds
  15 rats
68 creatures vanquished.

Notes
Turn   | Place    | Note
--------------------------------------------------------------
     0 | D:1      | vale the Minotaur Wizard began the quest for the Orb.
     0 | D:1      | Reached XP level 1. HP: 14/14 MP: 2/2
   318 | D:1      | Reached skill level 1 in Conjurations
   483 | D:1      | Reached XP level 2. HP: 15/22 MP: 0/4
   492 | D:1      | Learned a level 2 spell: Blink
   495 | D:1      | Learned a level 2 spell: Call Imp
   542 | D:1      | Reached skill level 1 in Fighting
  1137 | D:1      | Reached skill level 1 in Polearms
  1459 | D:1      | Reached XP level 3. HP: 24/28 MP: 3/5
  1611 | D:1      | Reached skill level 2 in Polearms
  1631 | D:1      | Reached skill level 3 in Polearms
  1860 | D:1      | Reached XP level 4. HP: 32/35 MP: 6/6
  1920 | D:2      | Found a shimmering altar of Xom.
  2205 | D:2      | Found a white marble altar of Elyvilon.
  2205 | D:2      | Found an oddly glowing altar of Pakellas.
  2754 | D:3      | Noticed an orc warrior
  2998 | D:3      | Reached skill level 4 in Polearms
  3476 | D:3      | Noticed babuloseo's ghost (amateur OpAs)
  3765 | D:3      | Found a basalt altar of Yredelemnul.
  3818 | D:3      | Slain by an orc warrior

Skill      XL: |  1  2  3  4 |
---------------+-------------+-----
Conjurations   | 1 |  1.1
Fighting       | 1 |  1.4
Polearms       | 1 3 4 |  4.7
Dodging        | |  2.1
Stealth        | |  1.8
Spellcasting   | |  2.2
Summonings     | |  0.6
Translocations | |  0.6

Action                   |  1- 3 |  4- 6 || total
-------------------------+-------+-------++-------
Melee: Unarmed           |    49 |       ||    49
       Headbutt          |     9 |     5 ||    14
       Spear             |    50 |    68 ||   118
 Fire: Hunting sling     |     1 |    32 ||    33
 Cast: Magic Dart        |    28 |     5 ||    33
  Use: Scroll            |       |     3 ||     3
 Stab: Sleeping          |     1 |     1 ||     2
  Eat: Chunk             |     3 |     6 ||     9
Armor: Robe              |    20 |     9 ||    29
       Ring mail         |       |     9 ||     9
Dodge: Dodged            |    52 |    29 ||    81
